AoeStats
← Iguano Pop

MegaRandom

507002622Analyzed
1v1 RM · 16d ago on Sep 16, 2026· 76m 34s· 2 players
Game mode
Random Map
Map size
Tiny (2 player)
Population
200
Speed
Normal
Resources
Standard
Victory
Conquest
Starting age
Dark Age
Ending age
Imperial Age
RankedLock teamsTeams togetherTeam positionsShared explorationLock speedFull tech treeHidden civsTurbo modeCheats
Victory
Defeat
1307
+16
🇲🇽 Saracens · Mexico
1305
-16
Iguano Pop
4:41 Loom
13:50 Feudal Age
16:04 Forging
19:05 Fletching
24:23 Castle Age
25:37 Bodkin Arrow
25:56 Medium Warships
32:36 Sanctity
43:41 Imperial Age
41:32 Double-Bit Axe
41:34 Horse Collar
42:39 Ballistics
44:44 Town Watch
45:35 Wheelbarrow
46:50 Chemistry
54:35 Siege Engineers
54:26 Light Cavalry
63:49 Ballistics
69:17 Masonry
71:27 Bloodlines
75:22 Bracer
不背完牛津高阶不改名
14:04 Feudal Age
14:51 Double-Bit Axe
17:52 Fletching
21:33 Castle Age
20:07 Fishing Lines
22:27 Bodkin Arrow
24:30 Medium Warships
26:19 Loom
27:14 Bow Saw
30:06 Horse Collar
31:44 Stone Mining
35:03 Town Watch
40:13 Imperial Age
43:36 Gold Mining
44:14 Heavy Plow
46:59 Svan Towers
47:00 Bracer
48:36 Ballistics
48:51 Guard Tower
48:46 Arrowslits
50:46 Keep
49:58 Treadmill Crane
51:03 Masonry
51:02 Siege Engineers
53:04 Sappers
56:09 Architecture
56:39 Chemistry
60:01 Wheelbarrow
68:14 Squires
68:00 Arson
68:02 Gambesons
69:25 Scale Mail Armor
70:27 Chain Mail Armor
71:19 Conscription
72:15 Plate Mail Armor
73:06 Forging
76:28 Iron Casting
Connection lost

Rejoining the realm…

Still unreachable

The connection could not be restored.

Session expired

The server has moved on; the page needs a fresh start.